 Dungeon Crawl Stone Soup version 0.30-b1-2-g02819fbbbe (webtiles) character file.

Game seed: 3791936285963136842

74 Alarkh the Insei (level 4, 35/35 HPs)
             Began as a Demonspawn Chaos Knight on May 21, 2023.
             Was a Plaything of Xom.
             Got out of the dungeon alive.
             The game lasted 00:01:02 (859 turns).

Alarkh the Insei (Demonspawn Chaos Knight)           Turns: 859, Time: 00:01:03

Health: 35/35      AC:  8    Str: 12    XL:     4   Next: 9%
Magic:  4/4        EV: 12    Int: 15    God:    Xom [*.....]
Gold:   24         SH:  0    Dex: 13    Spells: 3/3 levels left

rFire   . .          .
                       - Unarmed
rCold   . . .        (no shield)
rNeg    . . .        a - +2 leather armour
rPois   .            (no helmet)
rElec   .            (no cloak)
rCorr   .            c - +2 pair of gloves
SInv    .            (no boots)
Will    .....        (no amulet)
Stlth   ++           (no ring)
HPRegen 0.25/turn    (no ring)
MPRegen 0.09/turn

%: no passive effects
@: no status effects
A: spiny 1, sturdy frame 1
a: Renounce Religion


You escaped.
You worshipped Xom.
You were a special plaything of Xom.
You visited 1 branch of the dungeon, and saw 2 of its levels.

You collected 24 gold pieces.

Inventory:

Armour
 a - a +2 leather armour (worn)
 c - a +2 pair of gloves (worn)
Scrolls
 d - a scroll of immolation {unknown}
 f - a scroll of teleportation {unknown}
Potions
 e - a potion of heal wounds
 g - 2 potions of lignification {unknown}
 h - a potion of curing {unknown}
Miscellaneous
 b - a piece from Xom's chessboard (15/15) (quivered)


   Skills:
 + Level 3.4 Fighting
 - Level 1.7 Armour
 + Level 1.4 Dodging
 + Level 1.2 Stealth
 * Level 3.5 Unarmed Combat
 + Level 1.1 Evocations


You had 3 spell levels left.
You didn't know any spells.
Your spell library contained the following spells:

 Spells                   Type           Power      Damage    Failure   Level
 Beastly Appendage        Tmut           0%         N/A       28%         1
 Blink                    Tloc           0%         N/A       38%         2
 Lesser Beckoning         Tloc           0%         N/A       38%         2
 Momentum Strike          Conj/Tloc      0%         3d8       38%         2
 Wereblood                Tmut           0%         N/A       38%         2
 Spider Form              Tmut/Pois      0%         N/A       63%         3


Dungeon Overview and Level Annotations

Branches:
Dungeon (2/15)

Altars:


Innate Abilities, Weirdness & Mutations

You are partially covered in sharp spines.
Your movements are slightly less encumbered by armour. (ER -2)


Message History

You kill the kobold!
You hit the dart slug.
The dart slug is moderately wounded.
The hobgoblin is struck by your spines. The hobgoblin closely misses you.
The dart slug launches a dart at you.
The slug dart hits you but does no damage.
You hit the hobgoblin but do no damage.
The hobgoblin is severely wounded.
The hobgoblin barely misses you.
You hit the hobgoblin.
You kill the hobgoblin!
The dart slug misses you.
You hit the dart slug.
The dart slug is almost dead.
You hit the dart slug.
The dart slug is almost dead.
The dart slug launches a dart at you. The slug dart misses you.
You hit the dart slug.
You kill the dart slug!
No target in view!
No target in view!
No target in view!
No target in view!
No target in view!
No target in view!
No target in view!
No target in view!
No target in view!
No target in view!
No target in view!
There is a stone staircase leading up here.
You climb upwards.
There is a stone staircase leading down here.
Things that are here:
a +0 club; a +0 short sword
There is an open door here.
There is a staircase leading out of the dungeon here.
Are you sure you want to leave the Dungeon?
This will make you lose the game!
You have escaped!

#.#.# #.# #..#># #.#.# #.#
###'#### ...[#####.# ##≈♣.♣≈##
###
#...(.....###≈≈♣.♣≈≈######.###
###.#####...#≈≈♣.♣≈≈#........#
#.........#≈♣...♣~#...#....####
#.#####.###♣.....♣#....###....#
#># #.# #>#.#.##.###.#..##.# #.#
#.# ###@####.# ##..÷.... #.#
#.###########.# ###.##.# # #.#
#..........##.# #.##..
###.#########..######.# #.####
.##..[.....##..# #.######.####
.....#####.##..# #.....(......
.##............######..#####.####
##########.............# #.# #
#############.# #.#


There were no monsters in sight!

Vanquished Creatures
  A howler monkey (D:2)
  2 dart slugs
  3 ball pythons (D:1)
  A bat (D:1)
  3 endoplasms (D:1)
  A giant cockroach (D:1)
  2 goblins (D:1)
  5 hobgoblins
  3 quokkas
  A frilled lizard (D:1)
  6 kobolds
  A rat (D:1)
29 creatures vanquished.

Notes
Turn   | Place    | Note
-------+----------+-------------------------------------------
     0 | D:1      | Alarkh the Demonspawn Chaos Knight began the quest for the
                  | Orb.
     0 | D:1      | Reached XP level 1. HP: 18/18 MP: 1/1
   127 | D:1      | XOM: silly message
   139 | D:1      | Gained mutation: You are partially covered in sharp spines.
                  | [demonic ancestry]
   139 | D:1      | Reached XP level 2. HP: 11/24 MP: 2/2
   177 | D:1      | XOM: silly message
   225 | D:1      | Reached skill level 1 in Dodging
   614 | D:1      | Reached XP level 3. HP: 27/29 MP: 3/3
   797 | D:2      | Reached skill level 1 in Stealth
   797 | D:2      | Reached skill level 1 in Evocations
   797 | D:2      | Gained mutation: Your movements are slightly less
                  | encumbered by armour. (ER -2) [demonic ancestry]
   797 | D:2      | Reached XP level 4. HP: 35/35 MP: 4/4
   859 | D:$      | Got out of the dungeon alive.

Illustrated notes

Levels and vault maps discovered:
D:1:      saegor_arrival_simple_d, layout_loops_ring
D:2:      layout_basic, serial_shops, shop, basic_altar,
          hangedman_abyss_or_decor_lesser_grid

Skill      XL: |  1  2  3 |
---------------+----------+-----
Unarmed Combat | 3 |  3.5
Dodging        | 1 |  1.4
Stealth        | 1 |  1.2
Evocations     | 1 |  1.1
Fighting       | |  3.4
Armour         | |  1.7

Action                     |  1- 3 |  4- 6 || total
---------------------------+-------+-------++-------
  Melee: Unarmed           |    97 |     8 ||   105
    Use: Potion            |     1 |       ||     1
   Stab: Sleeping          |     1 |       ||     1
 Armour: Leather armour    |    44 |     2 ||    46
  Dodge: Dodged            |    50 |     4 ||    54
